 Seeded DCSS version 0.31-a0-542-gdc2a67831c (webtiles) character file.

Game seed: 3826825538972431165 (custom seed)

638 innerfire43 the Ruffian (level 7, 0/47 HPs)
             Began as a Gnoll Shapeshifter on Aug 14, 2023.
             Slain by a lemure (7 damage)
             ... led by Pikel
             ... on level 4 of the Dungeon.
             The game lasted 00:06:09 (3029 turns).

innerfire43 the Ruffian (Gnoll Shapeshifter)        Turns: 3029, Time: 00:06:10

Health: 0/47       AC:  4    Str: 15    XL:     7   Next: 50%
Magic:  10/10      EV: 14    Int:  5    God:
Gold:   261        SH:  4    Dex: 14    Spells: 11/11 levels left

rFire   . .          .
                       - Unarmed
rCold   + . .        (shield currently unavailable)
rNeg    . . .        a - +0 animal skin
rPois   .            s - +1 helmet
rElec   .            (no cloak)
rCorr   .            (no gloves)
SInv    .            (no boots)
Will    .....        (no amulet)
Stlth   +            p - ring of protection from cold
HPRegen 0.27/turn    (no ring)
MPRegen 0.12/turn

%: no passive effects
@: lethally poisoned (0 -> -1), flux-form, glowing, unable to drink
A: glow, contaminating, fangs 1, strong nose, distributed training, large bone
plates 1, dopey 1, frail 1, inability to drink after injury 1
a: Begin Untransformation


You were on level 4 of the Dungeon.
You were something dangerously unstable.
You visited 1 branch of the dungeon, and saw 4 of its levels.
You also visited: Ossuary.

You collected 261 gold pieces.

Inventory:

Armour
 a - a +0 animal skin (worn)
 r - a +0 plate armour
 s - a +1 helmet (worn)
Jewellery
 i - a ring of see invisible
 p - a ring of protection from cold (left hand)
Talismans
 c - a beast talisman
 d - a flux talisman (active)
Scrolls
 f - a scroll of vulnerability
 h - a scroll of brand weapon
 k - 7 scrolls of noise
 t - a scroll of enchant armour
Potions
 b - a potion of lignification
 e - 2 potions of invisibility {unknown}
 l - 3 potions of curing
 m - 2 potions of cancellation {unknown}
 o - 4 potions of brilliance
 q - a potion of enlightenment {unknown}
 u - 2 potions of might {unknown}
 x - a potion of haste {unknown}


   Skills:
 + Level 3.7 Fighting
 + Level 2.6 Short Blades
 + Level 2.6 Long Blades
 + Level 2.6 Axes
 + Level 2.6 Maces & Flails
 + Level 2.6 Polearms
 + Level 2.6 Staves
 + Level 2.6 Ranged Weapons
 + Level 2.6 Throwing
 + Level 2.6 Armour
 + Level 5.3 Dodging
 + Level 2.6 Stealth
 + Level 2.6 Shields
 + Level 7.1 Unarmed Combat
 + Level 2.6 Spellcasting
 + Level 2.1 Conjurations
 + Level 2.1 Hexes
 + Level 2.1 Summonings
 + Level 2.1 Necromancy
 + Level 2.1 Translocations
 + Level 2.1 Transmutations
 + Level 2.1 Fire Magic
 + Level 2.1 Ice Magic
 + Level 2.1 Air Magic
 + Level 2.1 Earth Magic
 + Level 2.1 Poison Magic
 + Level 2.9 Invocations
 + Level 2.6 Evocations
 + Level 6.9 Shapeshifting


You had 11 spell levels left.
You didn't know any spells.
Your spell library contained the following spells:

 Spells                   Type           Power      Damage    Failure   Level
 Static Discharge         Conj/Air       4%         2-3/arc   26%         2
 Dazzling Flash           Conj/Hex       4%         N/A       45%         3
 Fireball                 Conj/Fire      1%         3d3       99%         5
 Summon Mana Viper        Hex/Summ       2%         N/A       99%         5
 Conjure Ball Lightning   Conj/Air       1%         3x3d6     100%        6


Dungeon Overview and Level Annotations

Branches:
Dungeon (4/15)            Ossuary (visited)
 Temple: D:4-7

Altars:

Annotations:
D:4 Eustachio, Pikel


Innate Abilities, Weirdness & Mutations

You are something dangerously unstable.
You glow with magical radiation, making you easy to see and hit.
Foes you strike become dangerously contaminated with magical radiation.
You are incapable of wielding weapons or throwing items.
You have very sharp teeth.
Your uncanny sense of smell can sniff out nearby items.
Your experience applies equally to all skills.
You are partially covered in large bone plates. (SH +4)
You are dopey. (Int -2)
You are frail. (-10% HP)
You occasionally lose the ability to drink potions when taking damage.


Message History

Eustachio is lightly wounded.
The adder bites you but does no damage. You block the lemure's attack.
Eustachio mumbles some strange words.
Eustachio blinks!
The adder bites you.
You are poisoned.
The adder poisons you! Pikel closely misses you. The lemure closely misses you.
The lemure hits you but does no damage.
You hit Pikel.
Pikel begins to glow.
Pikel is lightly wounded.
You feel sick. You block the adder's attack.
You barely miss Pikel. You bite Pikel, but do no damage.
Pikel is lightly wounded.
You feel sick.
Pikel hits you with a +2 whip of electrocution!
The lemure hits you! You block the lemure's attack.
The lemure hits you but does no damage.
Eustachio mumbles some strange words.
The lemure misses you. The adder barely misses you.
You hit Pikel.
Pikel glows dangerously bright.
You bite Pikel, but do no damage.
Pikel is moderately wounded.
You feel sick. The lemure hits you. The lemure closely misses you.
The lemure barely misses you. x2
Pikel hits you with a +2 whip of electrocution!
* * * LOW HITPOINT WARNING * * *
The adder closely misses you.
You hit Pikel but do no damage.
Pikel shudders as magic cascades through him!!
Pikel twists and deforms.
You bite Pikel.
Pikel is severely wounded.
You feel sick. The adder closely misses you.
Eustachio growls, "To hell with you, honourless miscreant!"
The lemure barely misses you. The lemure hits you but does no damage.
The lemure barely misses you.
Pikel hits you with a +2 whip of electrocution.
* * * LOW HITPOINT WARNING * * *
The lemure hits you!
You feel threatened and lose the ability to drink potions!
You die...

#.# [# #.. ##.# . .. #..#
.. #. ##.#
...###.###..#############
........................#
....#.....##############.
.......S####### #.
.....#.5B5....# #. ....
#.K55....# ##. ...
#..5.....# #.. ..
#...@....# #.# .
#........# #..
#.#.######## #.. #.#.#
...######.# #.#.#
#.....##.#
###...###..###..#.##.#


You could see Eustachio (heavy contam), Pikel (misshapen), 4 lemures, a quasit
(summoned) and an adder.

Vanquished Creatures
  Grinder (D:4)
  A centaur (D:4)
  2 human zombies (Ossuary)
  An orc priest (D:3)
  Jessica (D:2)
  6 mummies
  Robin (D:2)
  4 adders
  4 gnolls (D:3)
  A worm (D:3)
  A dart slug (D:1)
  5 orcs (D:3)
  4 bats
  8 endoplasms
  3 giant cockroaches (D:1)
  13 goblins
  7 hobgoblins
  2 jackals (D:2)
  4 kobolds
  2 quokkas
  5 ball pythons
  4 frilled lizards
  A goblin zombie (Ossuary)
  3 kobold zombies (Ossuary)
  2 orc zombies (Ossuary)
  6 rats
92 creatures vanquished.

Notes
Turn   | Place    | Note
-------+----------+-------------------------------------------
     0 | D:1      | innerfire43 the Gnoll Shapeshifter began the quest for the
                  | Orb.
     0 | D:1      | Reached XP level 1. HP: 17/17 MP: 1/1
   214 | D:1      | Reached XP level 2. HP: 22/23 MP: 2/2
   409 | D:1      | Reached XP level 3. HP: 28/28 MP: 3/3
   790 | D:2      | Reached skill level 1 in Invocations
   896 | D:2      | Reached skill level 1 in Short Blades
   896 | D:2      | Reached skill level 1 in Long Blades
   896 | D:2      | Reached skill level 1 in Axes
   896 | D:2      | Reached skill level 1 in Maces & Flails
   896 | D:2      | Reached skill level 1 in Polearms
   896 | D:2      | Reached skill level 1 in Staves
   896 | D:2      | Reached skill level 1 in Ranged Weapons
   896 | D:2      | Reached skill level 1 in Throwing
   896 | D:2      | Reached skill level 1 in Armour
   896 | D:2      | Reached skill level 1 in Stealth
   896 | D:2      | Reached skill level 1 in Shields
   896 | D:2      | Reached skill level 1 in Spellcasting
   896 | D:2      | Reached skill level 1 in Evocations
   975 | D:2      | Reached XP level 4. HP: 28/34 MP: 5/5
  1221 | D:2      | Noticed Robin
  1228 | D:2      | Killed Robin
  1229 | D:2      | Reached skill level 1 in Conjurations
  1229 | D:2      | Reached skill level 1 in Hexes
  1229 | D:2      | Reached skill level 1 in Summonings
  1229 | D:2      | Reached skill level 1 in Necromancy
  1229 | D:2      | Reached skill level 1 in Translocations
  1229 | D:2      | Reached skill level 1 in Transmutations
  1229 | D:2      | Reached skill level 1 in Fire Magic
  1229 | D:2      | Reached skill level 1 in Ice Magic
  1229 | D:2      | Reached skill level 1 in Air Magic
  1229 | D:2      | Reached skill level 1 in Earth Magic
  1229 | D:2      | Reached skill level 1 in Poison Magic
  1414 | D:2      | Noticed Jessica
  1415 | D:2      | Identified a scroll of acquirement
  1415 | D:2      | Acquired the Cyclopedia of the Damaging Union
  1423 | D:2      | Killed Jessica
  1424 | D:2      | Reached XP level 5. HP: 27/40 MP: 5/7
  1907 | D:3      | Gained mutation: You are somewhat resistant to further
                  | mutation. [potion of mutation]
  1908 | D:3      | Lost mutation: You are somewhat resistant to further
                  | mutation. [potion of mutation]
  1908 | D:3      | Gained mutation: You are partially covered in large bone
                  | plates. (SH +4) [potion of mutation]
  1908 | D:3      | Gained mutation: You have hidden genetic defects. [potion
                  | of mutation]
  1908 | D:3      | Gained mutation: You are frail. (-10% HP) [potion of
                  | mutation]
  2117 | D:3      | Reached XP level 6. HP: 32/42 MP: 8/8
  2350 | D:4      | Reached skill level 5 in Dodging
  2350 | D:4      | Noticed Grinder
  2359 | D:4      | Gained mutation: You are dopey. (Int -2) [hidden defects]
  2362 | D:4      | Paralysed by Grinder for 4 turns
  2370 | D:4      | Killed Grinder
  2371 | D:4      | Reached skill level 7 in Unarmed Combat
  2371 | D:4      | Reached XP level 7. HP: 11/46 MP: 10/10
  2372 | D:4      | Gained mutation: You occasionally lose the ability to drink
                  | potions when taking damage. [hidden defects]
  2372 | D:4      | Lost mutation: You have hidden genetic defects. [hidden
                  | defects expressed]
  2375 | D:4      | Found a sand-covered staircase.
  2401 | Ossuary  | Entered an ossuary
  3019 | D:4      | Noticed Eustachio
  3021 | D:4      | Noticed Pikel
  3029 | D:4      | Slain by a lemure

Illustrated notes

Levels and vault maps discovered:
D:1:      roderic_crop_circles_arrival_large, layout_basic
D:2:      layout_basic, minmay_distorted, uniq_robin, uniq_jessica
D:3:      layout_basic, minivault_24, minmay_box_of_dots
D:4:      layout_rooms, nicolae_qazlal_eye_of_the_storm,
          mainiacjoe_overflow_chevrons, minmay_temple_entry_statues_fountains,
          gup_ossuary_entry_pyramid, nicolae_elevator_lobby_asterisk,
          uniq_grinder, uniq_eustachio, uniq_pikel, uniq_duvessa

Skill      XL: |  1  2  3  4  5  6  7 |
---------------+----------------------+-----
Invocations    | 1 2 |  2.9
Short Blades   | 1 2 |  2.6
Long Blades    | 1 2 |  2.6
Axes           | 1 2 |  2.6
Maces & Flails | 1 2 |  2.6
Polearms       | 1 2 |  2.6
Staves         | 1 2 |  2.6
Ranged Weapons | 1 2 |  2.6
Throwing       | 1 2 |  2.6
Armour         | 1 2 |  2.6
Stealth        | 1 2 |  2.6
Shields        | 1 2 |  2.6
Spellcasting   | 1 2 |  2.6
Evocations     | 1 2 |  2.6
Conjurations   | 1 2 |  2.1
Hexes          | 1 2 |  2.1
Summonings     | 1 2 |  2.1
Necromancy     | 1 2 |  2.1
Translocations | 1 2 |  2.1
Transmutations | 1 2 |  2.1
Fire Magic     | 1 2 |  2.1
Ice Magic      | 1 2 |  2.1
Air Magic      | 1 2 |  2.1
Earth Magic    | 1 2 |  2.1
Poison Magic   | 1 2 |  2.1
Fighting       | 3 |  3.7
Dodging        | 5 |  5.3
Unarmed Combat | 7 |  7.1
Shapeshifting  | |  6.9

Action                     |  1- 3 |  4- 6 |  7- 9 || total
---------------------------+-------+-------+-------++-------
  Melee: Unarmed           |    83 |   158 |    68 ||   309
         Bite              |     8 |    12 |    14 ||    34
    Use: Scroll            |       |     1 |    11 ||    12
         Potion            |       |     2 |       ||     2
 Armour: Animal skin       |    11 |    15 |     6 ||    32
         Plate armour      |       |     3 |       ||     3
  Dodge: Dodged            |    51 |   106 |    39 ||   196
  Block: Other             |       |     8 |     6 ||    14
   Form: Flux              |     1 |       |       ||     1

Table legend: (Time is in decaauts)
 A = Elapsed time spent in this place.
 B = Non-inter-level travel time spent in this place.
 C = Inter-level travel time spent in this place.
 D = Time resting spent in this place.
 E = Time spent auto-exploring this place.
 F = Levels seen in this place.
 G = Mean time per level.
                   A        B        C        D        E       F      G
               +--------+--------+--------+--------+--------+-----+--------+
         Total |   2988 |   2919 |     69 |      0 |   2193 |   5 |  597.6 |
       Dungeon |   2431 |   2362 |     69 |      0 |   1815 |   4 |  607.8 |
       Ossuary |    556 |    556 |      0 |      0 |    378 |   1 |  556.0 |
               +--------+--------+--------+--------+--------+-----+--------+

Top non-repeatable levels by time:
     D:2: 857 daAuts
     D:3: 796 daAuts
     D:1: 655 daAuts
 Ossuary: 556 daAuts
     D:4: 121 daAuts
